 Dungeon Crawl Stone Soup version 0.28.0-53-g5a82cb258f (webtiles) character file.

Game seed: 9630939856665982277

35 Jerry the Digger (level 3, -4/26 HPs)
             Began as a Demigod Earth Elementalist on July 29, 2022.
             Slain by a gnoll shaman
             ... wielding a +0 whip
              (8 damage)
             ... on level 1 of the Dungeon.
             The game lasted 00:06:20 (1406 turns).

Jerry the Digger (Demigod Earth Elementalist)       Turns: 1406, Time: 00:06:21

Health: -4/26      AC:  2    Str: 13    XL:     3   Next: 2%
Magic:  8/8        EV: 12    Int: 17    God:
Gold:   68         SH:  0    Dex: 14    Spells: 5/6 levels left

rFire   . . .      SeeInvis .   (no weapon)
rCold   . . .      Faith    .   (no shield)
rNeg    . . .      Spirit   .   b - +0 robe
rPois   .          Reflect  .   (no helmet)
rElec   .          Harm     .   (no cloak)
rCorr   .          Rampage  .   (no gloves)
Will    .....                   (no boots)
Stlth   ++........              (no amulet)
HPRegen 0.08/turn               (no ring)
MPRegen 0.11/turn               (no ring)

@: very slightly contaminated
A: high MP 1, forlorn, divine attributes
a: no special abilities


You were on level 1 of the Dungeon.
You visited 1 branch of the dungeon, and saw 2 of its levels.

You collected 68 gold pieces.

Inventory:

Missiles
 c - 7 stones
Armour
 b - a +0 robe (worn)
 e - a +0 leather armour
Scrolls
 d - a scroll of enchant weapon {unknown}
 f - a scroll of noise {unknown}
 i - a scroll of silence {unknown}
 k - a scroll of teleportation {unknown}
Potions
 a - a potion of mutation {unknown}
 g - a potion of degeneration {unknown}
 h - a potion of haste {unknown}


   Skills:
 + Level 1.1 Armour
 - Level 1.7 Dodging
 - Level 1.7 Stealth
 + Level 2.1 Spellcasting
 + Level 1.4 Transmutations
 + Level 3.0 Earth Magic


You had 5 spell levels left.
You knew the following spells:

 Your Spells              Type           Power      Damage    Failure   Level
a - Sandblast             Erth           24%        2d8       5%          1

Your spell library contained the following spells:

 Spells                   Type           Power      Damage    Failure   Level
 Passwall                 Tmut/Erth      7%         N/A       12%         2
 Stone Arrow              Conj/Erth      14%        3d7       30%         3
 Petrify                  Tmut/Erth      9%         N/A       58%         4


Dungeon Overview and Level Annotations

Branches:
Dungeon (2/15)


Innate Abilities, Weirdness & Mutations

You have an increased reservoir of magic. (+10% MP)
You shall have no god before yourself.
Your divine heritage dramatically boosts your attributes as you level up.


Message History

Okay, then.
You can't see any susceptible monsters within range! (Use Z to cast anyway.)
The gnoll shaman shouts!
You hear a shout! x2
The blast of sand misses the gnoll shaman.
A gnoll comes into view. It is wielding a +0 spear. x2
The blast of sand hits the gnoll shaman but does no damage.
The blast of sand hits the gnoll shaman but does no damage.
A gnoll comes into view. It is wielding a +0 flail.
The gnoll shaman closely misses you.
There is a stone staircase leading up here.
The gnoll shaman hits you with a +0 whip!
You climb upwards.
There is a stone staircase leading down here.
You are too injured to fight recklessly!
You are too injured to fight recklessly!
Casting: Sandblast (safe; 5% risk of failure)
Confirm with . or Enter, or press ? or * to list all spells.
Okay, then.
The gnoll shaman invokes the aid of its god against you.
You resist with some effort.
Casting: Sandblast (safe; 5% risk of failure)
Confirm with . or Enter, or press ? or * to list all spells.
Aiming: Sandblast (safe; 5% risk of failure)
Press: ? - help, Shift-Dir - straight line, f - gnoll shaman
Aim: a gnoll shaman, wielding a +0 whip and wearing a +0 leather armour (82% to hit)
You miscast Sandblast.
You are very lightly contaminated with residual magic.
Nothing appears to happen.
Casting: Sandblast (safe; 5% risk of failure)
Confirm with . or Enter, or press ? or * to list all spells.
Aiming: Sandblast (safe; 5% risk of failure)
Press: ? - help, Shift-Dir - straight line, f/p - gnoll shaman
Aim: a gnoll shaman, wielding a +0 whip and wearing a +0 leather armour (82% to hit)
The blast of sand hits the gnoll shaman but does no damage.
The gnoll shaman hits you with a +0 whip!
Ouch! That really hurt!
* * * LOW HITPOINT WARNING * * *
It was a potion of magic.
Magic courses through your body.
The gnoll shaman hits you with a +0 whip!
You die...

#..................
#.#.###############
######
##...##.............
#######....#
#..............####.
.##.≈.#....#
#.......#.###.......
..#≈P≈#....#
#.......#.........#.
..#..≈#....#
#......÷#.#######.#.
...≈≈P...†.#
#...............#...
....P....###
#..@g.#.###.###.###.
.........#
#...>.#.....###.....
........##
#############......#
#.......# #......'
#.......####
#......#
#....>>....#
#......#
#..........#
#######..
#..........#
###...#####
#.#####....#
#.'...'...#


You could see a gnoll shaman.

Vanquished Creatures
  7 ball pythons
  3 endoplasms
  3 giant cockroaches
  2 goblins (D:1)
  2 hobgoblins (D:1)
  3 quokkas (D:1)
  5 bats
  5 rats (D:1)
30 creatures vanquished.

Notes
Turn   | Place    | Note
-------+----------+-------------------------------------------
     0 | D:1      | Jerry the Demigod Earth Elementalist began the quest for
                  | the Orb.
     0 | D:1      | Reached XP level 1. HP: 14/14 MP: 5/5
   128 | D:1      | Reached skill level 1 in Transmutations
   392 | D:1      | Reached XP level 2. HP: 20/20 MP: 4/7
   675 | D:1      | Reached skill level 3 in Earth Magic
   967 | D:1      | Reached skill level 1 in Armour
  1335 | D:2      | Reached XP level 3. HP: 26/26 MP: 3/8
  1406 | D:1      | Slain by a gnoll shaman

Illustrated notes

Levels and vault maps discovered:
D:1:      eino_arrival_cavern_e, layout_basic, serial_bayou,
          serial_bayou_shore_b, serial_bayou_pond_e, serial_bayou_pond_e,
          serial_bayou_shore_a, ebering_ecumenical_altar_hall,
          chequers_mini_garden, hangedman_decor_peaks_small, solitary_fountain,
          minmay_pentomino_w2
D:2:      layout_basic, basic_altar

Skill      XL: |  1  2 |
---------------+-------+-----
Transmutations | 1 |  1.4
Spellcasting   | 2 |  2.1
Earth Magic    | 3 |  3.0
Armour         | 1 |  1.1
Dodging        | |  1.7
Stealth        | |  1.7

Action                   || total
-------------------------++-------
Melee: Unarmed           ||     2
 Cast: Sandblast         ||    46
  Use: Potion            ||     1
Armor: Robe              ||     3
Dodge: Dodged            ||     4
